AoeStats
← ramirezalex13

Arabia

507116893Analyzed
2v2 RM · 15d ago on Sep 16, 2026· 41m 21s· 4 players
Game mode
Random Map
Map size
Medium (4 player)
Population
200
Speed
Normal
Resources
Standard
Victory
Conquest
Starting age
Dark Age
Ending age
Imperial Age
RankedLock teamsTeams togetherTeam positionsShared explorationLock speedFull tech treeHidden civsTurbo modeCheats
Victory
Defeat
🇲🇽 Cumans · Mexico
1136
+18
🇦🇷 Aztecs · Argentina
1135
+18
🇳🇱 Inca · Netherlands
1198
-20
🇳🇱 Hindustanis · Netherlands
1140
-16
ramirezalex13
6:52 Loom
11:07 Feudal Age
12:08 Double-Bit Axe
23:47 Castle Age
22:21 Bloodlines
22:14 Town Watch
23:50 Light Cavalry
25:25 Forging
27:20 Bow Saw
27:09 Pikeman
30:30 Scale Barding Armor
31:01 Iron Casting
31:21 Fletching
31:43 Murder Holes
36:08 Imperial Age
38:09 Chemistry
38:05 Bodkin Arrow
41:45 Blast Furnace
Alato
6:35 Loom
9:37 Feudal Age
11:25 Fletching
16:04 Padded Archer Armor
23:31 Castle Age
21:53 Gold Mining
21:51 Double-Bit Axe
21:48 Horse Collar
23:27 Wheelbarrow
23:35 Crossbowman
24:24 Bodkin Arrow
24:45 Leather Archer Armor
24:27 Eagle Warrior
27:42 Gold Shaft Mining
28:06 Bow Saw
28:59 Scale Mail Armor
29:37 Arson
29:53 Squires
29:38 Gambesons
29:54 Town Watch
32:09 Forging
32:16 Chain Mail Armor
33:41 Hand Cart
37:43 Iron Casting
40:20 Imperial Age
37:58 Stone Mining
38:00 Treadmill Crane
38:41 Ballistics
40:16 Stone Shaft Mining
40:48 Elite Eagle Warrior
Geoloco
6:52 Loom
9:27 Feudal Age
10:31 Double-Bit Axe
12:48 Fletching
16:48 Padded Archer Armor
16:51 Horse Collar
18:49 Town Watch
24:49 Castle Age
23:01 Gold Mining
24:42 Stone Mining
25:01 Crossbowman
26:09 Bodkin Arrow
26:16 Elite Skirmisher
28:15 Bow Saw
28:25 Leather Archer Armor
29:07 Wheelbarrow
31:54 Ballistics
33:10 Heavy Plow
36:05 Thumb Ring
36:17 Hand Cart
36:02 Champi Runner
36:43 Squires
36:54 Guard Tower
36:47 Treadmill Crane
37:18 Masonry
37:27 Champi Warrior
38:45 Town Patrol
39:54 Scale Mail Armor
40:04 Forging
aledm58
7:25 Loom
10:22 Feudal Age
11:49 Double-Bit Axe
12:00 Horse Collar
22:49 Castle Age
21:13 Bloodlines
21:42 Scale Barding Armor
21:43 Gold Mining
23:01 Fletching
25:03 Chain Barding Armor
26:15 Wheelbarrow
25:28 Town Watch
28:16 Forging
33:08 Iron Casting
34:37 Husbandry
39:37 Imperial Age
40:27 Heavy Camel Rider
Connection lost

Rejoining the realm…

Still unreachable

The connection could not be restored.

Session expired

The server has moved on; the page needs a fresh start.